 Dungeon Crawl Stone Soup version 0.21.1-1-g345015f (webtiles) character file.

95 aMcNicky the Shooter (level 4, -7/37 HPs)
             Began as a Centaur Hunter on Mar 9, 2018.
             Mangled by an ogre
             ... wielding a cursed -2 giant club
              (11 damage)
             ... while paralysed by Grinder
             ... on level 4 of the Dungeon.
             The game lasted 00:07:21 (1921 turns).

aMcNicky the Shooter (Centaur Hunter)               Turns: 1921, Time: 00:07:22

Health: -7/37      AC:  4    Str: 15    XL:     4   Next: 39%
Magic:  4/4        EV:  1    Int: 10    God:
Gold:   107        SH:  0    Dex: 10    Spells: 3/3 levels left

rFire    . . .     SeeInvis .   a - +1 shortbow
rCold    . . .     Gourm    .   (shield currently unavailable)
rNeg     . . .     Faith    .   c - +0 leather armour
rPois    .         Spirit   .   (no helmet)
rElec    .         Reflect  .   (no cloak)
rCorr    .         Harm     .   (no gloves)
MR       .....                  (no barding)
Stlth    +.........             (no amulet)
HPRegen  0.12/turn              (no ring)
MPRegen  0.09/turn              (no ring)

@: paralysed, very quick
A: large, hooves 3, deformed body, speed 2, tough skin 3
a: no special abilities


You were on level 4 of the Dungeon.
You were not hungry.

You visited 1 branch of the dungeon, and saw 4 of its levels.

You collected 107 gold pieces.

Inventory:

Hand Weapons
 a - a +1 shortbow (weapon)
 b - a +0 short sword
Missiles
 d - 35 arrows (quivered)
Armour
 c - a +0 leather armour (worn)
Jewellery
 o - a cursed ring of teleportation {unknown}
 p - an uncursed amulet of guardian spirit {unknown}
Scrolls
 e - a scroll of enchant weapon {unknown}
 g - 2 scrolls of teleportation {unknown}
 i - 4 scrolls of identify {unknown}
 j - a scroll of immolation {unknown}
 k - a scroll of blinking {unknown}
 l - a scroll of fog {unknown}
 n - 2 scrolls of remove curse {unknown}
Potions
 q - a potion of degeneration {unknown}
Comestibles
 f - 2 rations


   Skills:
 + Level 2.7 Fighting
 * Level 6.3 Bows
 + Level 1.1 Armour
 + Level 2.0 Dodging
 - Level 0.4 Stealth


You had 3 spell levels left.
You didn't know any spells.

Dungeon Overview and Level Annotations

Branches:
Dungeon (3/15)

Altars:
Ashenzari

Annotations:
D:4 Grinder


Innate Abilities, Weirdness & Mutations

You have hooves in place of feet.
Armour fits poorly on your strangely shaped body.
You cover ground very quickly.
You have extremely tough skin. (AC +3)


Message History

Firing (i - inventory):
d - 37 arrows (quivered)
Press: ? - help, Shift-Dir - straight line, f/p - ogre
Aim: an ogre, wielding a giant club (almost dead)
You shoot an arrow. The arrow closely misses Grinder.
Grinder blinks!
The leopard gecko hisses menacingly.
Firing (i - inventory):
d - 36 arrows (quivered)
Press: ? - help, Shift-Dir - straight line, f/p - Grinder
Aim: Grinder You shoot an arrow.
The arrow closely misses Grinder.
Grinder misses you. Grinder hits you!
You writhe in agony.
Grinder gestures at you.
You suddenly lose the ability to move!
Grinder hits you but does no damage. The ogre hits you with a giant club!
Grinder hits you.
* * * LOW HITPOINT WARNING * * *
You writhe in agony.
* * * LOW HITPOINT WARNING * * *
The ogre hits you with a giant club!
You die...

.... (....#### ....
###.......? .%..#####....# .
.......##..#####....
#......(........#
##..........######
............# ############
###..#(.....####......(...#
###.............@.........##
.......#......##5Ol.^....[.##
.......#.###..##r...........#
.##...(#.###..##............#
.......r..##..............#.#
..........##.##...........#.#
#.........##.##...#######.#.#
#$........#(....#.# ..#.#
##...........####..# .##.#


You could see Grinder, an ogre, a leopard gecko and a quokka.

Vanquished Creatures
  5 adders
  An ooze (D:1)
  4 dart slugs
  A leopard gecko (D:2)
  3 giant cockroaches
  7 goblins
  2 hobgoblins (D:2)
  2 jackals (D:4)
  5 kobolds
  6 bats
  2 frilled lizards (D:1)
  2 rats (D:1)
40 creatures vanquished.

Notes
Turn   | Place    | Note
-------+----------+-------------------------------------------
     0 | D:1      | aMcNicky the Centaur Hunter began the quest for the Orb.
     0 | D:1      | Reached XP level 1. HP: 17/17 MP: 1/1
   304 | D:1      | Reached XP level 2. HP: 19/24 MP: 2/2
   873 | D:2      | Reached XP level 3. HP: 26/30 MP: 3/3
   970 | D:2      | Reached skill level 6 in Bows
  1193 | D:2      | Found a shattered altar of Ashenzari.
  1311 | D:2      | Reached skill level 1 in Armour
  1388 | D:2      | Reached XP level 4. HP: 37/37 MP: 4/4
  1624 | D:3      | You fall through a shaft!
  1881 | D:4      | Noticed an ogre
  1881 | D:4      | Noticed a phantom
  1894 | D:4      | Noticed Grinder
  1917 | D:4      | Paralysed by Grinder for 4 turns
  1921 | D:4      | Mangled by an ogre

Skill      XL: |  1  2  3  4 |
---------------+-------------+-----
Bows           | 6 |  6.3
Armour         | 1 |  1.1
Dodging        | 2 |  2.0
Fighting       | |  2.7
Stealth        | |  0.4

Action                   |  1- 3 |  4- 6 || total
-------------------------+-------+-------++-------
Melee: Short sword       |    45 |    37 ||    82
       Kick              |     8 |     9 ||    17
 Fire: Shortbow          |    42 |    18 ||    60
  Use: Potion            |     2 |     1 ||     3
  Eat: Chunk             |       |     2 ||     2
Armor: Leather armour    |    21 |    17 ||    38
Dodge: Dodged            |    29 |    28 ||    57
